Map: Neon Violet Square LE

Players

Probe

  • Race: Protoss Protoss
  • Spawn Location: 5:00

Krr - Winner!

  • Race: Protoss Protoss
  • Spawn Location: 11:00

Event: IEM Season 12 - Katowice

VOD

Have the link to the VOD?

Description

Time

  • Played on: Feb. 26, 2018, 4:21 a.m.
  • Length: 7:51

All games in this series

Show
View Real Time Build Order
Export as new Build Order

Probe Protoss 

Build Orders: Oracle Opening, Dark Templar Rush 

Get SALT Encoding   

  12  0:00  Probe  
  13  0:12  Probe  
  14  0:17  Pylon  
  14  0:24  Probe  
  15  0:36  Gateway  
  15  0:38  Probe (Chrono Boost)  
  16  0:47  Probe (Chrono Boost), Assimilator  
  17  0:52  Probe (Chrono Boost)  
  17  0:56  Assimilator  
  18  1:04  Probe (Chrono Boost)  
  18  1:09  Gateway  
  19  1:14  Probe (Chrono Boost)  
  20  1:19  Probe (Chrono Boost)  
  21  1:25  Cybernetics Core  
  21  1:30  Probe  
  22  1:36  Pylon  
  22  1:43  Probe  
  23  1:55  Probe  
  23  1:59  Warp Gate (Chrono Boost)  
  24  2:01  Stalker  
  24  2:02  Sentry  
  24  2:07  Probe  
  29  2:08  Pylon  
  29  2:23  Pylon  
  29  2:36  Twilight Council  
  29  2:48  Stalker x2  
  33  2:57  Oracle  
  33  3:04  Pylon  
  33  3:14  Nexus  
  33  3:18  Pylon  
  33  3:25  Dark Shrine  
  27  3:49  Probe  
  28  3:56  Stalker  
  29  4:03  Pylon  
  29  4:06  Probe  
  30  4:11  Stalker  
  32  4:18  Probe  
  33  4:24  Stalker  
  33  4:30  Probe  
  34  4:38  Dark Templar  
  34  4:42  Probe  
  37  4:54  Probe x2 (Chrono Boost)  
  39  5:05  Probe (Chrono Boost)  
  39  5:06  Probe (Chrono Boost)  
  41  5:07  Blink (Chrono Boost)  
  41  5:10  Probe (Chrono Boost)  
  42  5:15  Probe  
  42  5:18  Sentry  
  42  5:20  Probe  
  46  5:21  Sentry  
  46  5:27  Probe  
  49  5:32  Probe  
  46  5:39  Probe  
  47  5:47  Probe (Chrono Boost)  
  48  5:50  Robotics Facility  
  48  5:51  Probe (Chrono Boost)  
  50  6:01  Probe (Chrono Boost)  
  50  6:02  Probe (Chrono Boost)  
  49  6:06  Probe (Chrono Boost)  
  49  6:09  Probe  
  51  6:14  Nexus  
  51  6:17  Probe  
  52  6:23  Forge  
  50  6:25  Probe  
  50  6:32  Probe  
  52  6:38  Probe, Observer (Chrono Boost)  
  54  6:43  Pylon  
  54  6:44  Probe  
  55  6:50  Probe  
  56  6:56  Probe, Stalker x2  
  56  6:58  Immortal (Chrono Boost)  
  55  7:20  Dark Templar  
  55  7:21  Dark Templar  
  51  7:23  Probe  
  51  7:26  Probe x2  
  52  7:35  Probe  
  53  7:38  Probe x2  
Show
View Real Time Build Order
Export as new Build Order

Krr Protoss - Winner!

Build Orders: Oracle Opening 

Get SALT Encoding   

  12  0:00  Probe  
  13  0:12  Probe  
  14  0:17  Pylon  
  14  0:24  Probe (Chrono Boost)  
  15  0:36  Probe (Chrono Boost)  
  15  0:38  Gateway  
  16  0:44  Probe (Chrono Boost)  
  16  0:46  Assimilator  
  17  0:51  Probe (Chrono Boost)  
  17  0:55  Assimilator  
  18  1:03  Probe (Chrono Boost)  
  20  1:11  Probe (Chrono Boost)  
  20  1:15  Gateway  
  20  1:17  Probe  
  21  1:26  Cybernetics Core  
  21  1:30  Probe  
  22  1:37  Pylon  
  22  1:42  Probe  
  23  1:54  Pylon  
  23  1:55  Probe  
  24  2:04  Adept x2  
  24  2:07  Warp Gate  
  28  2:17  Stargate  
  28  2:23  Pylon  
  28  2:40  Stalker x2  
  32  2:57  Oracle (Chrono Boost)  
  35  3:21  Nexus  
  35  3:25  Oracle (Chrono Boost)  
  35  3:33  Probe  
  39  3:49  Probe  
  39  3:51  Robotics Facility  
  40  4:01  Probe  
  41  4:11  Stalker x2  
  41  4:13  Probe  
  46  4:25  Probe  
  47  4:32  Pylon  
  47  4:34  Probe  
  47  4:37  Probe  
  50  4:38  Observer (Chrono Boost)  
  50  4:42  Twilight Council  
  50  4:47  Probe  
  50  4:49  Probe  
  52  4:53  Observer  
  52  4:55  Assimilator  
  52  4:59  Probe  
  54  5:01  Probe  
  54  5:05  Blink (Chrono Boost)  
  55  5:11  Probe  
  55  5:13  Probe  
  57  5:23  Probe  
  57  5:25  Probe, Observer  
  60  5:35  Probe  
  61  5:37  Probe  
  61  5:38  Stalker x2  
  61  5:41  Gateway  
  63  5:43  Gateway  
  63  5:47  Probe  
  65  5:50  Probe, Gateway  
  65  5:54  Gateway  
  65  5:57  Warp Prism (Chrono Boost)  
  63  6:12  Pylon x2  
  63  6:14  Pylon  
  63  6:16  Pylon  
  63  6:30  Stalker x2  
  67  6:39  Observer  
  68  6:55  Stalker  
  68  6:56  Stalker x5  
  68  7:00  Pylon  
  80  7:08  Observer  
  74  7:23  Stalker x6  
  84  7:34  Observer (Chrono Boost)  
  83  7:46  Zealot x3  
  83  7:47  Zealot x3  

Tags
 
Add a new tag
Caveats
  • Supply blocks, unpowered buildings, or Contaminate may cause inaccurate times.
  • Supply counts are checked every 10 seconds.